 Dungeon Crawl Stone Soup version 0.29.1-2-gbd0b4ee654 (webtiles) character file.

Game seed: 16560682306174463774

256 gelatine the Firebug (level 5, 0/36 HPs)
             Began as a Demonspawn Fire Elementalist on Oct 26, 2022.
             Succumbed to their own poison gas
             ... on level 6 of the Dungeon.
             The game lasted 00:08:33 (3909 turns).

gelatine the Firebug (Demonspawn Fire Elementalist) Turns: 3909, Time: 00:08:36

Health: 0/36       AC:  7    Str:  8    XL:     5   Next: 92%
Magic:  6/10       EV: 12    Int: 18    God:
Gold:   167        SH:  0    Dex: 14    Spells: 10/11 levels left

rFire   . . .      SeeInvis .   i - +1 short sword
rCold   . . .      Faith    .   (no shield)
rNeg    . . .      Spirit   .   a - +1 robe
rPois   .          Reflect  .   (no helmet)
rElec   .          Harm     .   (no cloak)
rCorr   .          Rampage  .   (no gloves)
Will    .....                   c - +1 pair of boots
Stlth   ++........              (no amulet)
HPRegen 0.12/turn               (no ring)
MPRegen 0.12/turn               (no ring)

@: lethally poisoned (0 -> -20)
A: rugged brown scales 2, demonic touch 2
a: no special abilities


You were on level 6 of the Dungeon.
You visited 1 branch of the dungeon, and saw 6 of its levels.

You collected 167 gold pieces.

Inventory:

Hand Weapons
 i - a +1 short sword (weapon)
 o - a +0 falchion
 p - a +0 dagger
Missiles
 n - a throwing net
Armour
 a - a +1 robe (worn)
 c - a +1 pair of boots (worn)
 r - an orb of energy
Magical Staves
 m - a staff of poison
Scrolls
 h - a scroll of enchant weapon
Potions
 b - a potion of magic
 e - a potion of lignification
 f - 2 potions of flight
 g - a potion of heal wounds
 j - a potion of curing
 s - a potion of degeneration {unknown}


   Skills:
 + Level 0.1 Fighting
 + Level 0.3 Short Blades
 + Level 2.0 Dodging
 + Level 2.5 Stealth
 + Level 3.5 Spellcasting
 + Level 2.4 Conjurations
 + Level 4.3 Fire Magic


You had 10 spell levels left.
You knew the following spells:

 Your Spells              Type           Power      Damage    Failure   Level
a - Foxfire               Conj/Fire      60%        2x1d7     3%          1

Your spell library contained the following spells:

 Spells                   Type           Power      Damage    Failure   Level
 Scorch                   Fire           36%        2d6       4%          2
 Conjure Flame            Conj/Fire      15%        6-21      12%         3
 Inner Flame              Hex/Fire       10%        N/A       19%         3
 Flame Wave               Conj/Fire      15%        2d7       36%         4


Dungeon Overview and Level Annotations

Branches:
Dungeon (7/15)
 Temple: D:4-7

Altars:
Cheibriados


Innate Abilities, Weirdness & Mutations

You are mostly covered in rugged brown scales. (AC +2, +5% HP)
Your touch may inflict irresistible damage on your foes.


Message History

The hound bites you.
Your magical contamination has completely faded away.
The air fills with toxic fumes!
As you read the scroll labelled GOGOVORPH ZYRE, it crumbles to dust.
It was a scroll of poison.
The hound bites you. The orc closely misses you.
You hit the hound but do no damage.
The hound is almost dead.
The hound bites you but does no damage. x2
The orc hits you from afar with a +2 vorpal trident.
* * * LOW HITPOINT WARNING * * *
x2 You hit the hound but do no damage.
The hound is almost dead.
The hound bites you but does no damage.
The phantom hits you but does no damage.
The orc hits you from afar with a +2 vorpal trident.
* * * LOW HITPOINT WARNING * * *
x2
As you read the scroll labelled FENAIMNUISCH, it crumbles to dust.
It is a scroll of enchant armour.
Your +0 robe glows green for a moment.
The hound pauses to sniff the ground.
The hound bites you but does no damage. The hound barely misses you.
The phantom barely misses you. The orc completely misses you.
As you read the scroll labelled WOELEYNLEM, it crumbles to dust.
You feel strangely unstable.
It was a scroll of teleportation.
The hound bites you.
* * * LOW HITPOINT WARNING * * *
The phantom hits you.
* * * LOW HITPOINT WARNING * * *
The phantom blinks!
You blink.
You feel much better.
You are engulfed in poison gas.
You are poisoned.
You feel very sick. The phantom closely misses you.
You hit the phantom. Your touch misses the phantom.
The phantom is lightly damaged.
You are engulfed in poison gas.
You are lethally poisoned!
* * * LOW HITPOINT WARNING * * *
Your surroundings suddenly seem different.
An orc wizard comes into view. It is wielding a +0 dagger.
You die...

....# ....# #...# #...####+
#.......o #........##
#........$## #@.........#
### #.........###.
#.###########.##.........
####.#.....§§§...#.........
##....#§..#.○h##..#.........
##.......####§h.......#
#.........#§○##.......#
###.####..§W§.#......###...
#>..# ###☼☼####............


You could see an orc wizard (wandering).

Vanquished Creatures
  A scorpion (D:4)
  A bullfrog (D:7)
  4 gnolls (D:2)
  4 adders
  A shadow imp (D:7)
  A worm (D:4)
  3 dart slugs
  4 bats
  2 endoplasms
  4 giant cockroaches
  A goblin (D:2)
  6 hobgoblins
  3 quokkas
  5 ball pythons
  3 frilled lizards (D:1)
  4 kobolds
  5 rats
52 creatures vanquished.

Vanquished Creatures (collateral kills)
  4 foxfires (D:1)
4 creatures vanquished.

Vanquished Creatures (others)
  A demonic plant (D:1)
  223 foxfires
  A fungus (D:1)
  A plant (D:1)
  A withered plant (D:1)
227 creatures vanquished.

Grand Total: 283 creatures vanquished

Notes
Turn   | Place    | Note
-------+----------+-------------------------------------------
     0 | D:1      | gelatine the Demonspawn Fire Elementalist began the quest
                  | for the Orb.
     0 | D:1      | Reached XP level 1. HP: 13/13 MP: 3/3
   557 | D:1      | Reached skill level 3 in Fire Magic
   679 | D:1      | Gained mutation: You are partially covered in rugged brown
                  | scales. (AC +1, +3% HP) [demonic ancestry]
   679 | D:1      | Reached XP level 2. HP: 13/19 MP: 0/5
  1083 | D:1      | Found a faded altar of an unknown god.
  1489 | D:2      | Gained mutation: You are mostly covered in rugged brown
                  | scales. (AC +2, +5% HP) [demonic ancestry]
  1489 | D:2      | Reached XP level 3. HP: 19/25 MP: 3/6
  1733 | D:2      | Gained mutation: Your touch may inflict minor irresistible
                  | damage on your foes. [demonic ancestry]
  1733 | D:2      | Reached XP level 4. HP: 25/31 MP: 1/8
  3169 | D:3      | Found a snail-covered altar of Cheibriados.
  3350 | D:4      | Noticed a scorpion
  3366 | D:4      | Killed a scorpion
  3367 | D:4      | Reached skill level 4 in Fire Magic
  3367 | D:4      | Gained mutation: Your touch may inflict irresistible damage
                  | on your foes. [demonic ancestry]
  3367 | D:4      | Reached XP level 5. HP: 22/36 MP: 1/9
  3598 | D:4      | You fall into a shaft and drop 3 floors!
  3884 | D:6      | Noticed a black bear
  3888 | D:6      | Noticed a phantom
  3909 | D:6      | Succumbed to their own poison gas

Illustrated notes

Levels and vault maps discovered:
D:1:      psy_arrival_fountain, layout_loops_cross, shapermc_ecumenical_altar_gd
D:2:      layout_loops_ring, minmay_misc_feat_ornament
D:3:      layout_loops_ring, mainiacjoe_overflow_alcove_1
D:4:      minmay_skewed_foursquare, layout_loops_ring, general_overflow_altar,
          marbit_many_paths, hangedman_decor_riveting, grunt_ministairs_1,
          minmay_misc_feat_more_columns, uniq_robin, uniq_pargi
D:6:      layout_cave_pools, mainiacjoe_overflow_two_lobes, grunt_tough_drop
D:7:      kennysheep_spiral_hall, layout_basic,
          mainiacjoe_overflow_six_doors_small, nicolae_dithmenos_the_darkroom,
          uniq_joseph

Skill      XL: |  1  2  3  4  5 |
---------------+----------------+-----
Stealth        | 2 |  2.5
Fire Magic     | 3 4 |  4.3
Dodging        | 2 |  2.0
Spellcasting   | 3 |  3.5
Conjurations   | 2 |  2.4
Fighting       | |  0.1
Short Blades   | |  0.3

Action                   |  1- 3 |  4- 6 || total
-------------------------+-------+-------++-------
Melee: Short sword       |    18 |    12 ||    30
       Unarmed           |     1 |       ||     1
       Punch             |     1 |       ||     1
       Touch             |       |     2 ||     2
 Cast: Foxfire           |    68 |    74 ||   142
  Use: Scroll            |       |     9 ||     9
       Potion            |       |     2 ||     2
Armor: Robe              |     6 |    14 ||    20
Dodge: Dodged            |    19 |    27 ||    46
